[Event "Titled Tuesday Blitz June 13 Late 2023"]
[White "Lacey, Patrick"]
[Black "Feng, Eric"]
[WhiteFideId "2032007"]
[BlackFideId "30952590"]
[WhiteElo "2384"]
[BlackElo "1785"]
[Result "0-1"]
[Round "2"]
[TimeControl "180+2"]
[Date "2023.06.13"]
[WhiteClock "0:00:04"]
[BlackClock "0:00:20"]
[Board "131"]

1. Nf3 Nf6 2. c4 g6 3. Nc3 Bg7 4. g3 O-O 5. Bg2 d6 6. O-O e5 7. d3 Nbd7 8. Rb1 a5 9. a3 c6 10. b4 axb4 11. axb4 d5 12. Bg5 d4 13. Ne4 Qe7 14. b5 c5 15. Qc1 Qe6 16. Ne1 Nxe4 17. Bxe4 Kh8 18. Bd5 Qd6 19. Ra1 Rxa1 20. Qxa1 f6 21. Bd2 Nb6 22. Bg2 f5 23. Qa7 h6 24. Nf3 g5 25. Ba5 Nd7 26. Rb1 e4 27. Ne1 Ne5 28. Bb6 Nd7 29. Ba5 e3 30. fxe3 dxe3 31. Nc2 f4 32. Be1 Ne5 33. Qa3 Bg4 34. d4 f3 35. dxe5 fxg2 36. exd6 Bh3 37. Nxe3 Rf1+ 0-1


[Site "https://www.chess.com"]

[Event "Titled Tuesday Blitz June 13 Late 2023"]
[White "TimGrutter03"]
[Black "Fernandez Siles, Luis"]
[BlackFideId "2209420"]
[WhiteElo "2556"]
[BlackElo "2195"]
[Result "1-0"]
[Round "2"]
[TimeControl "180+2"]
[Date "2023.06.13"]
[WhiteClock "0:01:17"]
[BlackClock "0:01:17"]
[Board "132"]

1. d4 Nf6 2. Nc3 d5 3. Bf4 c5 4. e3 a6 5. dxc5 Nc6 6. Nf3 Bg4 7. Be2 Bxf3 8. Bxf3 e5 9. Bg5 d4 10. exd4 exd4 11. Ne4 Be7 12. Bxf6 Bxf6 13. Nxf6+ Qxf6 14. Bxc6+ Qxc6 15. Qxd4 Qxg2 16. Qe5+ Kf8 17. O-O-O Re8 18. Qxe8+ Kxe8 19. Rhe1+ Kf8 20. Rd8# 1-0


[Site "https://www.chess.com"]

[Event "Titled Tuesday Blitz June 13 Late 2023"]
[White "Han, Yichen"]
[Black "Rodriguez, Santiago"]
[WhiteFideId "1054430"]
[BlackFideId "3000591"]
[WhiteElo "2342"]
[BlackElo "2249"]
[Result "0-1"]
[Round "2"]
[TimeControl "180+2"]
[Date "2023.06.13"]
[WhiteClock "0:00:06"]
[BlackClock "0:00:14"]
[Board "133"]

1. d4 Nf6 2. c4 e6 3. Nf3 b6 4. a3 Ba6 5. Nc3 Bxc4 6. Bg5 h6 7. Bh4 Be7 8. Ne5 Ba6 9. b4 d6 10. Nf3 O-O 11. b5 Bb7 12. e3 a6 13. Qb3 Ne4 14. Bxe7 Qxe7 15. Nxe4 Bxe4 16. Be2 axb5 17. Qxb5 Ra5 18. Qb2 Nd7 19. O-O Rfa8 20. Nd2 Bb7 21. Nc4 Ra4 22. Rfc1 Nf6 23. Bd1 R4a7 24. a4 Bd5 25. Na3 c5 26. dxc5 bxc5 27. Nb5 Ra5 28. f3 Bc6 29. Nc3 Nd5 30. Nxd5 exd5 31. Kf2 Bxa4 32. Bxa4 Rxa4 33. Rxa4 Rxa4 34. Qb8+ Kh7 35. Qb3 d4 36. exd4 Rxd4 37. Qc2+ g6 38. Re1 Qg5 39. Kg1 Qd5 40. Re2 Rd1+ 41. Kf2 Qd4+ 42. Re3 Rd2+ 0-1


[Site "https://www.chess.com"]

[Event "Titled Tuesday Blitz June 13 Late 2023"]
[White "Zomorrodian, Eilia"]
[Black "Hoffmann, Asa"]
[WhiteFideId "12551805"]
[BlackFideId "2001470"]
[WhiteElo "2069"]
[BlackElo "2117"]
[Result "1-0"]
[Round "2"]
[TimeControl "180+2"]
[Date "2023.06.13"]
[WhiteClock "0:00:36"]
[BlackClock "0:00:06"]
[Board "134"]

1. e4 d6 2. d4 Nf6 3. Nc3 c6 4. f4 Qa5 5. Bd3 e5 6. Nf3 exd4 7. Nxd4 Qb6 8. Nf3 Be7 9. Qe2 O-O 10. Rb1 Na6 11. Be3 Qc7 12. O-O Nc5 13. Bxc5 dxc5 14. e5 Nd5 15. Qe4 g6 16. Nxd5 cxd5 17. Qxd5 Be6 18. Qe4 Bxa2 19. Rbe1 Be6 20. Bc4 Bxc4 21. Qxc4 Qc6 22. f5 b5 23. Qg4 c4 24. Kh1 Bc5 25. e6 Rae8 26. Ne5 Qd5 27. exf7+ Rxf7 28. Nxf7 Rxe1 29. Nh6+ Kg7 30. Rxe1 Kxh6 31. Qf4+ Kg7 32. f6+ Kf7 33. Qh6 Kxf6 34. Qxh7 Qf5 35. Qh8+ Kf7 36. Qe8+ Kf6 37. h3 Bd6 38. Qd8+ 1-0


[Site "https://www.chess.com"]

[Event "Titled Tuesday Blitz June 13 Late 2023"]
[White "Quinones Garcia, Santiago"]
[Black "Gimenez Aguirre, Alejo Ismael"]
[WhiteFideId "4408497"]
[BlackFideId "32041667"]
[WhiteElo "2173"]
[BlackElo "2165"]
[Result "0-1"]
[Round "2"]
[TimeControl "180+2"]
[Date "2023.06.13"]
[WhiteClock "0:00:06"]
[BlackClock "0:01:17"]
[Board "135"]

1. d4 Nf6 2. c4 e6 3. Nc3 Bb4 4. Qc2 O-O 5. a3 Bxc3+ 6. Qxc3 c5 7. Nf3 cxd4 8. Nxd4 Nc6 9. f3 d5 10. Nxc6 bxc6 11. Bg5 d4 12. Qd2 c5 13. e4 h6 14. Bh4 e5 15. Be2 Rb8 16. O-O Qd6 17. Rab1 Nh5 18. b4 Be6 19. b5 Nf4 20. Bd3 f5 21. Bg3 fxe4 22. fxe4 g5 23. a4 Rb7 24. a5 Rbf7 25. h4 gxh4 26. Bxh4 Rg7 27. g3 Bh3 28. Rf2 Qg6 29. Kh2 Bc8 30. gxf4 Qg4 31. Rg2 Qxh4+ 32. Kg1 Rxg2+ 33. Qxg2+ Kh8 34. Qf2 Qg4+ 35. Qg2 Qxf4 36. Rf1 Qe3+ 37. Kh1 Rg8 38. Qh2 Bg4 39. b6 Bf3+ 0-1


[Site "https://www.chess.com"]

[Event "Titled Tuesday Blitz June 13 Late 2023"]
[White "Besedes, Danilo"]
[Black "Bogaudinov, Rushan"]
[WhiteFideId "946796"]
[BlackFideId "4129288"]
[WhiteElo "2352"]
[BlackElo "1967"]
[Result "1-0"]
[Round "2"]
[TimeControl "180+2"]
[Date "2023.06.13"]
[WhiteClock "0:01:19"]
[BlackClock "0:00:11"]
[Board "136"]

1. e4 c5 2. Nf3 Nc6 3. c3 e6 4. d4 d5 5. e5 Nge7 6. Be2 Nf5 7. O-O Qb6 8. dxc5 Bxc5 9. Nbd2 O-O 10. Nb3 Be7 11. Bd3 Rd8 12. Re1 a5 13. a4 Bf8 14. g4 Nfe7 15. Be3 Qc7 16. Bf4 Ng6 17. Bg3 b6 18. Qe2 Nb8 19. h4 Ba6 20. h5 Ne7 21. Nbd4 Bxd3 22. Qxd3 Nec6 23. Nb5 Qd7 24. Ng5 g6 25. hxg6 fxg6 26. Kg2 Na6 27. Rh1 Nc5 28. Qc2 h6 29. Qxg6+ Qg7 30. Qxg7+ Bxg7 31. Nf3 Rf8 32. Rhe1 Ne4 33. Nc7 Ra7 34. Nxe6 Re8 35. Nxg7 Kxg7 36. Rad1 Rd7 37. Rxe4 dxe4 38. Rxd7+ Kg8 39. Nd4 Nxe5 40. Bxe5 Rxe5 41. Nc2 Rg5 42. Ne3 h5 43. Rd4 hxg4 44. Rxe4 Kf7 45. Rxg4 Re5 46. Rf4+ Ke7 47. Rf5 Re4 48. Rb5 Rxa4 49. Rxb6 Kd7 50. b4 axb4 51. cxb4 Ra3 52. Kf3 Kc7 53. Rb5 Kc6 54. Rc5+ Kb6 55. Rf5 Kb7 56. b5 Ra4 57. Rd5 Kb6 58. Kg3 Kb7 59. f4 Kb6 60. Kf3 Ra3 61. f5 Ra4 62. f6 Kc7 63. f7 Ra8 64. Rf5 Rf8 65. Rf6 Kd7 66. b6 Ke7 67. Nd5+ Kd7 68. Kf4 Rb8 69. f8=Q Rxf8 70. Rxf8 Kc6 71. Rf7 Kd6 72. b7 Ke6 73. b8=Q Kxf7 74. Qd6 Ke8 75. Qe7# 1-0


[Site "https://www.chess.com"]

[Event "Titled Tuesday Blitz June 13 Late 2023"]
[White "Molenda, Marcin"]
[Black "Papp, Petra"]
[WhiteFideId "1173065"]
[BlackFideId "739049"]
[WhiteElo "2286"]
[BlackElo "2259"]
[Result "1-0"]
[Round "2"]
[TimeControl "180+2"]
[Date "2023.06.13"]
[WhiteClock "0:00:58"]
[BlackClock "0:00:00"]
[Board "137"]

1. d4 d5 2. c4 e6 3. Nc3 Nf6 4. cxd5 exd5 5. Bg5 c6 6. Qc2 g6 7. e3 Bf5 8. Bd3 Bxd3 9. Qxd3 Be7 10. Nf3 Nbd7 11. O-O O-O 12. Rab1 a5 13. b3 Re8 14. Rbd1 Ne4 15. Bf4 Bf8 16. Nd2 Nd6 17. f3 Nf5 18. Kh1 Bd6 19. Bxd6 Nxd6 20. e4 Nf8 21. exd5 cxd5 22. Nxd5 Nf5 23. Ne4 Nd7 24. g4 Nh4 25. g5 Nf5 26. Ndf6+ Nxf6 27. Nxf6+ Kg7 28. Nxe8+ Qxe8 29. d5 a4 30. d6 axb3 31. d7 Qd8 32. axb3 h5 33. gxh6+ Kh7 34. Rfe1 Ra2 35. Re2 Ra6 36. Re8 Qh4 37. Rh8+ 1-0


[Site "https://www.chess.com"]

[Event "Titled Tuesday Blitz June 13 Late 2023"]
[White "Martins, Vinicius Tine"]
[Black "Szente Varga, Fruzsina"]
[WhiteFideId "2112884"]
[BlackFideId "712264"]
[WhiteElo "2373"]
[BlackElo "1994"]
[Result "1-0"]
[Round "2"]
[TimeControl "180+2"]
[Date "2023.06.13"]
[WhiteClock "0:00:18"]
[BlackClock "0:00:06"]
[Board "138"]

1. e4 e5 2. Nf3 Nc6 3. Bb5 a6 4. Ba4 Nf6 5. O-O Be7 6. Bxc6 dxc6 7. d3 Bg4 8. Be3 O-O 9. h3 Bxf3 10. Qxf3 c5 11. Nd2 b5 12. a4 Qd7 13. Qg3 Qe6 14. b3 Kh8 15. Ra2 h6 16. Rfa1 b4 17. Nc4 Bd6 18. Rf1 Nh5 19. Qg4 Qxg4 20. hxg4 Nf4 21. Re1 Ne6 22. g3 g5 23. Kg2 Kg7 24. Rh1 Kg6 25. Raa1 Rh8 26. Rh2 Rh7 27. Rah1 Rah8 28. Rh5 Ng7 29. R5h2 h5 30. gxh5+ Rxh5 31. Rxh5 Rxh5 32. Re1 g4 33. Bc1 Be7 34. Rh1 Rxh1 35. Kxh1 Ne6 36. Nxe5+ Kh5 37. Be3 f6 38. Nc6 Bd6 39. a5 Kg6 40. Nb8 f5 41. exf5+ Kxf5 42. Nxa6 c6 43. Kg2 Ke5 44. f3 gxf3+ 45. Kxf3 Kd5 46. g4 Nd4+ 47. Bxd4 Kxd4 48. Ke2 Kc3 49. Kd1 Kd4 50. Kd2 Bf4+ 51. Ke2 Bd6 52. g5 Ke5 53. d4+ cxd4 54. Kd3 Kd5 55. g6 Be5 56. Nxb4+ Kc5 57. a6 Kb6 58. a7 Kxa7 59. Nxc6+ 1-0


[Site "https://www.chess.com"]

[Event "Titled Tuesday Blitz June 13 Late 2023"]
[White "Zherebtsova, Alexandra"]
[Black "Badelka, Olga"]
[WhiteFideId "24129518"]
[BlackFideId "13509926"]
[WhiteElo "2055"]
[BlackElo "2375"]
[Result "0-1"]
[Round "2"]
[TimeControl "180+2"]
[Date "2023.06.13"]
[WhiteClock "0:00:00"]
[BlackClock "0:00:02"]
[Board "139"]

1. d4 Nf6 2. Nf3 d5 3. c4 e6 4. e3 b6 5. Nc3 Bb7 6. cxd5 exd5 7. Bd3 Nbd7 8. O-O Bd6 9. b3 O-O 10. Bb2 Ne4 11. Nb5 Be7 12. Ne5 Nxe5 13. dxe5 a6 14. Nd4 Re8 15. f3 Nc5 16. Bc2 Bf8 17. Nf5 g6 18. Ng3 Bg7 19. f4 Ne4 20. Nxe4 dxe4 21. Qe2 b5 22. Ba3 f6 23. Rfd1 Qc8 24. exf6 Bxf6 25. Rac1 Qe6 26. Bb1 Rac8 27. Bc5 Red8 28. b4 Bd5 29. a3 c6 30. Rd2 Rd7 31. Ba2 Rcd8 32. Bxd5 Rxd5 33. Rcd1 Bc3 34. Rxd5 Rxd5 35. Qc2 Bf6 36. Kf2 Kg7 37. Rd2 Qd7 38. Rxd5 Qxd5 39. g3 h5 40. h3 Kf7 41. Bb6 Ke6 42. Ba7 Be7 43. Bb6 Bf6 44. Ba7 Qd3 45. Qxc6+ Kf7 46. Qc7+ Kg8 47. Qc8+ Kh7 48. Qc7+ Kh6 49. Qc1 Bc3 50. Bc5 Qc4 0-1


[Site "https://www.chess.com"]

[Event "Titled Tuesday Blitz June 13 Late 2023"]
[White "Garrido, Denis"]
[Black "FoxOnTheRun97"]
[WhiteFideId "601217"]
[WhiteElo "2358"]
[BlackElo "2518"]
[Result "0-1"]
[Round "2"]
[TimeControl "180+2"]
[Date "2023.06.13"]
[WhiteClock "0:02:04"]
[BlackClock "0:01:26"]
[Board "140"]

1. e4 c6 2. d4 d5 3. e5 c5 4. dxc5 e6 5. a3 Bxc5 6. Nf3 Ne7 7. b4 Bb6 8. Bb2 a5 9. Nbd2 axb4 10. axb4 Rxa1 11. Qxa1 Nbc6 12. b5 Na5 13. Bd3 Qc7 14. O-O Nc4 15. Bxc4 dxc4 16. Ne4 O-O 17. Bd4 Nf5 18. Bxb6 Qxb6 19. Qa4 Bd7 20. Rb1 Rc8 21. g4 Nd4 22. Kg2 Bxb5 23. Qb4 Qc6 24. Nxd4 Qxe4+ 25. Nf3 Qxg4+ 0-1


[Site "https://www.chess.com"]

[Event "Titled Tuesday Blitz June 13 Late 2023"]
[White "Siniauski, Artsiom"]
[Black "Arun, Siddharth"]
[WhiteFideId "13512269"]
[BlackFideId "2079178"]
[WhiteElo "2065"]
[BlackElo "2350"]
[Result "1-0"]
[Round "2"]
[TimeControl "180+2"]
[Date "2023.06.13"]
[WhiteClock "0:00:15"]
[BlackClock "0:00:00"]
[Board "141"]

1. e3 c6 2. c4 d5 3. Nc3 e6 4. Nf3 Bd6 5. b3 f5 6. Bb2 Nf6 7. Ne2 Qe7 8. Ne5 Nbd7 9. f4 Bxe5 10. fxe5 Ng4 11. cxd5 cxd5 12. Nd4 Ngxe5 13. Bb5 a6 14. Be2 O-O 15. O-O Ng6 16. Rc1 Nb6 17. a4 e5 18. Nf3 a5 19. Qc2 f4 20. Qc7 Qxc7 21. Rxc7 Bg4 22. Nxe5 Bxe2 23. Nxg6 Rf7 24. Rxf7 Kxf7 25. Ne5+ Ke6 26. Rxf4 g5 27. Rf2 Bd1 28. Nd3 Nd7 29. h4 h6 30. hxg5 hxg5 31. Nc1 Rc8 32. Rf1 Bg4 33. Bc3 b6 34. Kf2 Rf8+ 35. Ke1 Rxf1+ 36. Kxf1 Nc5 37. Bd4 Bd1 38. Ke1 Bg4 39. Bxc5 bxc5 40. d4 Kd6 41. Kd2 Bf5 42. Kc3 Be4 43. g3 Kc6 44. Nd3 cxd4+ 45. Kxd4 Bxd3 46. Kxd3 Kc5 47. Kc3 g4 48. Kd3 Kb4 49. Kc2 Ka3 50. Kc3 1-0


[Site "https://www.chess.com"]

[Event "Titled Tuesday Blitz June 13 Late 2023"]
[White "Golubev, Mikhail"]
[Black "Francisco_Ferrari"]
[WhiteFideId "14100983"]
[WhiteElo "2374"]
[BlackElo "2349"]
[Result "1-0"]
[Round "2"]
[TimeControl "180+2"]
[Date "2023.06.13"]
[WhiteClock "0:00:23"]
[BlackClock "0:00:00"]
[Board "142"]

1. e4 e5 2. Nf3 Nc6 3. Bc4 Nf6 4. Ng5 d5 5. exd5 Na5 6. Bb5+ c6 7. dxc6 bxc6 8. Bd3 h6 9. Ne4 Be7 10. Nxf6+ Bxf6 11. Nc3 O-O 12. O-O Be6 13. b3 Nb7 14. Ba3 Re8 15. Qf3 Bd5 16. Be4 Nd6 17. Bxd5 e4 18. Nxe4 Nxe4 19. Bxe4 Bxa1 20. Bxc6 Qxd2 21. Bxa8 Re1 22. g3 Rxf1+ 23. Kxf1 Qxc2 24. Bd5 Bf6 25. Kg2 Qxa2 26. Be7 Qb2 27. Bxf6 gxf6 28. Qg4+ Kf8 29. Qd7 1-0


[Site "https://www.chess.com"]

[Event "Titled Tuesday Blitz June 13 Late 2023"]
[White "Slovineanu, Viacheslav"]
[Black "Pert, Richard G"]
[WhiteFideId "13900510"]
[BlackFideId "404748"]
[WhiteElo "2312"]
[BlackElo "2441"]
[Result "0-1"]
[Round "2"]
[TimeControl "180+2"]
[Date "2023.06.13"]
[WhiteClock "0:00:00"]
[BlackClock "0:00:13"]
[Board "143"]

1. d4 Nf6 2. Nf3 c5 3. d5 b5 4. e4 Nxe4 5. Bd3 Nf6 6. Bxb5 Bb7 7. Nc3 g6 8. O-O Bg7 9. Re1 O-O 10. a4 d6 11. Qe2 Nxd5 12. Nxd5 Bxd5 13. Qxe7 Bxf3 14. gxf3 a6 15. Bc4 Nc6 16. Qxd8 Raxd8 17. c3 Ne5 18. Bd5 Rfe8 19. Bg5 Rb8 20. Rab1 h6 21. Bf4 g5 22. Bg3 Kf8 23. f4 gxf4 24. Bxf4 a5 25. b4 cxb4 26. cxb4 axb4 27. a5 Re7 28. a6 Ra7 29. Bb7 Rbxb7 30. axb7 Rxb7 31. Rb3 Ke7 32. Bxe5 dxe5 33. Re4 Rd7 34. Rexb4 f5 35. Rb7 Bf6 36. Kg2 Ke6 37. R3b6+ Rd6 38. Rxd6+ Kxd6 39. Rh7 Bg5 40. h4 Bf4 41. Kf3 Ke6 42. Rg7 Kf6 43. Rg2 Bc1 44. h5 e4+ 45. Ke2 Bg5 46. f3 Ke5 47. fxe4 fxe4 48. Rg1 Kf4 49. Rg2 Bf6 50. Rg6 Bg5 51. Re6 Kf5 52. Re8 Kf4 53. Rf8+ Kg4 54. Re8 e3 55. Re6 Kxh5 56. Kf3 Kh4 57. Re4+ Kh3 58. Re5 Kh2 59. Rf5 Kg1 60. Ke2 Kg2 61. Rf8 Kg3 62. Rg8 Kg4 63. Ra8 h5 64. Ra4+ Bf4 65. Ra8 h4 66. Kf1 Kf3 0-1


[Site "https://www.chess.com"]

[Event "Titled Tuesday Blitz June 13 Late 2023"]
[White "Srdanovic, Jovana"]
[Black "GAO"]
[WhiteFideId "954810"]
[WhiteElo "2155"]
[BlackElo "2345"]
[Result "0-1"]
[Round "2"]
[TimeControl "180+2"]
[Date "2023.06.13"]
[WhiteClock "0:00:18"]
[BlackClock "0:01:37"]
[Board "144"]

1. d4 Nf6 2. c4 c5 3. d5 b5 4. cxb5 a6 5. bxa6 g6 6. Nc3 Bxa6 7. e4 Bxf1 8. Kxf1 d6 9. g3 Bg7 10. Kg2 Nbd7 11. Nf3 O-O 12. Re1 Ra6 13. h3 Qa8 14. Nd2 e6 15. Nc4 exd5 16. exd5 Rb8 17. Bf4 Nb6 18. Nxd6 Nbxd5 19. Nxd5 Nxd5 20. Kh2 Nxf4 21. gxf4 Rd8 22. Re8+ Rxe8 23. Nxe8 Qxe8 24. Qd3 Bxb2 25. Rb1 Rb6 26. Qc2 Qb5 0-1


[Site "https://www.chess.com"]

[Event "Titled Tuesday Blitz June 13 Late 2023"]
[White "Gerbelli Neto, Eduardo"]
[Black "Berezin, Viktor"]
[WhiteFideId "2103281"]
[BlackFideId "14107872"]
[WhiteElo "2178"]
[BlackElo "2310"]
[Result "0-1"]
[Round "2"]
[TimeControl "180+2"]
[Date "2023.06.13"]
[WhiteClock "0:00:04"]
[BlackClock "0:00:47"]
[Board "145"]

1. e4 g6 2. Nc3 Bg7 3. f4 d6 4. Nf3 Nf6 5. Bc4 O-O 6. d3 c6 7. Bb3 b5 8. O-O a5 9. a4 bxa4 10. Bxa4 Na6 11. d4 Qb6 12. Kh1 Bg4 13. e5 Nd5 14. Nxd5 cxd5 15. c3 e6 16. h3 Bxf3 17. Qxf3 f6 18. exd6 Qxd6 19. b3 Rfc8 20. Ba3 Qc7 21. Rac1 Bf8 22. Bxf8 Kxf8 23. Qe3 Kf7 24. Rfe1 Qd6 25. c4 dxc4 26. bxc4 Nb4 27. c5 Qe7 28. Bb3 Ra6 29. d5 Kg7 30. d6 Qd8 31. Qxe6 Ra7 32. f5 Nd3 33. fxg6 hxg6 34. c6 Nxe1 35. d7 Rxd7 36. Rxe1 Rdc7 37. Rd1 Qe7 38. Rd7 Rxd7 39. cxd7 Qxe6 40. Bxe6 Rd8 41. g4 Kf8 42. h4 Ke7 43. Bb3 Rxd7 44. h5 gxh5 45. gxh5 Rd4 46. Kg2 Rh4 47. Bd1 a4 48. Kg3 Rh1 49. Bxa4 Rxh5 50. Bc2 Rg5+ 51. Kf4 Ke6 52. Bb3+ Ke7 53. Bc2 Rc5 54. Be4 Kd6 55. Bf5 Rc4+ 56. Be4 Ke6 57. Ke3 Ke5 58. Bd3 Rh4 59. Be2 Rh3+ 60. Kf2 Kf4 61. Kg2 Ra3 62. Bc4 f5 63. Kf2 Rc3 64. Be2 Rc2 65. Ke1 Ke3 66. Bd1 Rh2 67. Kf1 Rh1+ 0-1


[Site "https://www.chess.com"]

[Event "Titled Tuesday Blitz June 13 Late 2023"]
[White "The_Straightforward_Rook"]
[Black "Taboas Rodriguez, Daniel"]
[BlackFideId "2208466"]
[WhiteElo "2344"]
[BlackElo "2365"]
[Result "0-1"]
[Round "2"]
[TimeControl "180+2"]
[Date "2023.06.13"]
[WhiteClock "0:00:18"]
[BlackClock "0:00:11"]
[Board "146"]

1. e4 e5 2. Nf3 Nc6 3. Bc4 Nf6 4. d3 Bc5 5. a4 d6 6. a5 a6 7. c3 Be6 8. Nbd2 O-O 9. Bxe6 fxe6 10. Qb3 Qd7 11. O-O Nh5 12. Nc4 Rxf3 13. gxf3 Rf8 14. Kg2 Rf6 15. Rg1 Qf7 16. Qd1 Ne7 17. Be3 Ng6 18. Bxc5 Nhf4+ 19. Kf1 dxc5 20. Rg3 Qd7 21. Qd2 Qb5 22. b4 h6 23. Rb1 Kh7 24. Rb2 Nxd3 25. Qxd3 Nf4 26. bxc5 Nxd3 27. Rxb5 axb5 28. c6 bxc6 29. Ne3 Rf8 30. Ke2 Nf4+ 31. Kd2 Ra8 32. Ng4 Rxa5 33. Nxe5 c5 34. Ke3 g5 35. h4 Nh5 36. Rg1 Ra3 37. hxg5 Rxc3+ 38. Kd2 b4 39. gxh6 Kxh6 40. Rg6+ Kh7 41. Rxe6 Nf4 42. Re7+ Kg8 43. Rxc7 Ne6 44. Rc6 Nd4 45. Rc8+ Kg7 46. f4 Rc2+ 47. Ke1 b3 48. Nd3 c4 49. Rc7+ Kf8 50. Rc8+ Ke7 51. Nb4 b2 52. Nd5+ Kd7 53. Nb6+ Ke7 54. Nd5+ Kd6 55. Rd8+ Kc5 56. Rc8+ Nc6 57. Rxc6+ Kxc6 58. Nb4+ Kc5 59. Nxc2 b1=Q+ 60. Kd2 Qb2 61. Kd1 Qc3 62. Ne3 Qd3+ 63. Ke1 c3 64. e5 Qd2+ 65. Kf1 c2 66. Nxc2 Qxc2 67. Kg2 Qf5 68. Kg3 Kd5 69. Kf3 Kd4 70. Kg3 Ke4 71. f3+ Ke3 72. e6 Qg6+ 0-1


[Site "https://www.chess.com"]

[Event "Titled Tuesday Blitz June 13 Late 2023"]
[White "Shapiro, Viktor"]
[Black "Seresin, Francesco"]
[WhiteFideId "4175700"]
[BlackFideId "886335"]
[WhiteElo "2212"]
[BlackElo "2219"]
[Result "1/2-1/2"]
[Round "2"]
[TimeControl "180+2"]
[Date "2023.06.13"]
[WhiteClock "0:01:05"]
[BlackClock "0:00:51"]
[Board "147"]

1. Nf3 Nf6 2. g3 e6 3. Bg2 d5 4. O-O c5 5. d3 g6 6. Nbd2 Bg7 7. c4 O-O 8. a3 Nc6 9. Rb1 b6 10. b4 cxb4 11. axb4 Bb7 12. Ba3 Re8 13. b5 Na5 14. c5 bxc5 15. Bxc5 Nd7 16. Bb4 a6 17. b6 Nc6 18. Ba3 a5 19. Nb3 Nxb6 20. Nc5 Bc8 21. Qd2 Nd7 22. Nb7 Bxb7 23. Rxb7 Nb4 24. Bxb4 axb4 25. Qxb4 Ne5 26. Rc1 Rb8 27. Nxe5 Bxe5 28. e3 Rxb7 29. Qxb7 Qe7 30. Qc6 Rb8 31. d4 Bd6 32. h4 h5 33. Bf3 Kg7 34. Kg2 Rb2 35. Qa8 Rb8 36. Qa2 Qb7 37. Rc2 Qb3 38. Qxb3 Rxb3 39. Rc6 Be7 40. Rc7 Bb4 41. Rb7 Rb2 42. Bd1 Bc3 43. Rc7 Be1 44. Bc2 Ba5 45. Rc8 Be1 46. Kf1 Ba5 47. Ke2 Ra2 48. f3 Ra3 49. g4 hxg4 50. fxg4 Rc3 51. Rxc3 Bxc3 52. Kf3 Be1 53. h5 gxh5 54. gxh5 Kh6 55. Kg4 Bd2 56. e4 Be3 57. exd5 exd5 58. Bb3 Bxd4 59. Bxd5 f6 60. Bf7 Be5 61. Kf5 Ba1 62. Bg6 Be5 63. Bf7 Ba1 64. Bg6 Be5 65. Bf7 1/2-1/2


[Site "https://www.chess.com"]

[Event "Titled Tuesday Blitz June 13 Late 2023"]
[White "Aggelis, Nikolaos"]
[Black "Spichkin, Alexander"]
[WhiteFideId "4213220"]
[BlackFideId "4144074"]
[WhiteElo "2189"]
[BlackElo "1986"]
[Result "0-1"]
[Round "2"]
[TimeControl "180+2"]
[Date "2023.06.13"]
[WhiteClock "0:00:06"]
[BlackClock "0:01:39"]
[Board "148"]

1. c4 e6 2. g3 f5 3. Bg2 Nf6 4. b3 Be7 5. Bb2 O-O 6. Nf3 d6 7. O-O e5 8. d3 Nc6 9. Nc3 Qe8 10. e4 Qh5 11. Nd5 Bd8 12. Re1 f4 13. Nd2 Bg4 14. f3 Bh3 15. Qe2 fxg3 16. hxg3 Bxg2 17. Qxg2 Nxd5 18. cxd5 Nb4 19. d4 Nc2 20. dxe5 Nxe1 21. Rxe1 dxe5 22. Kf2 Be7 23. Nc4 Bc5+ 24. Ke2 Rae8 25. Rh1 Qg6 26. Nxe5 Qf6 27. f4 Rxe5 28. Bxe5 Qa6+ 29. Kf3 Qd3+ 30. Kg4 Bd6 31. Bxd6 cxd6 32. Qf3 Qd4 33. Rc1 h5+ 34. Kh3 h4 35. gxh4 Qd2 36. Rf1 Qxa2 37. Rf2 Qb1 38. f5 Qg1 39. Qg2 Qc1 40. f6 Rf7 41. fxg7 Qe3+ 42. Qg3 Qxf2 43. Qxd6 Qf3+ 44. Kh2 Qf4+ 45. Qxf4 Rxf4 46. e5 Rxh4+ 47. Kg3 Re4 48. e6 Re5 49. Kf3 Rxd5 50. Ke4 Rd1 51. Ke5 Kxg7 52. e7 Kf7 0-1


[Site "https://www.chess.com"]

[Event "Titled Tuesday Blitz June 13 Late 2023"]
[White "Sairam, Pranav"]
[Black "HamedWafa4"]
[WhiteFideId "30951330"]
[WhiteElo "1918"]
[BlackElo "2511"]
[Result "0-1"]
[Round "2"]
[TimeControl "180+2"]
[Date "2023.06.13"]
[WhiteClock "0:00:52"]
[BlackClock "0:01:53"]
[Board "149"]

1. e4 e5 2. Nf3 Nc6 3. Bb5 a6 4. Bxc6 dxc6 5. Nc3 f6 6. O-O Bg4 7. h3 Bh5 8. Re1 c5 9. Re3 Bd6 10. Qf1 Ne7 11. d3 Qd7 12. Nd2 O-O-O 13. Nc4 g5 14. Rg3 Kb8 15. Rb1 Bf7 16. a3 h5 17. b4 cxb4 18. axb4 h4 19. Rf3 g4 20. Rxf6 gxh3 21. Rxf7 hxg2 22. Qe2 Qh3 0-1


[Site "https://www.chess.com"]

[Event "Titled Tuesday Blitz June 13 Late 2023"]
[White "Peycheva, Gergana"]
[Black "Kaganskiy, Gleb"]
[WhiteFideId "2916711"]
[BlackFideId "4132025"]
[WhiteElo "2216"]
[BlackElo "2165"]
[Result "1-0"]
[Round "2"]
[TimeControl "180+2"]
[Date "2023.06.13"]
[WhiteClock "0:00:07"]
[BlackClock "0:00:00"]
[Board "150"]

1. d4 d5 2. c4 e6 3. Nc3 c6 4. e3 f5 5. g4 Nf6 6. gxf5 exf5 7. cxd5 cxd5 8. Bg2 Nc6 9. Nge2 Ne4 10. Nf4 Bb4 11. Bd2 Bxc3 12. Bxc3 Qh4 13. Bxe4 fxe4 14. Nxd5 O-O 15. Nf4 Rxf4 16. exf4 Bg4 17. Qb3+ Kh8 18. Qxb7 Rc8 19. d5 Ne7 20. Qxa7 e3 21. Qxe3 Nxd5 22. Qe5 Nxc3 23. bxc3 Bh5 24. Rb1 Qg4 25. Kd2 Rd8+ 26. Kc1 Qg2 27. Re1 h6 28. Rb8 Rxb8 29. Qxb8+ Kh7 30. Qe5 Bg6 31. f5 Qg5+ 32. f4 Qh4 33. fxg6+ Kxg6 34. f5+ Kh7 35. f6 1-0


[Site "https://www.chess.com"]

[Event "Titled Tuesday Blitz June 13 Late 2023"]
[White "Polanco Nunez, Yoel Estarling"]
[Black "Osmak, Yuliia"]
[WhiteFideId "6401783"]
[BlackFideId "14101602"]
[WhiteElo "2132"]
[BlackElo "2303"]
[Result "0-1"]
[Round "2"]
[TimeControl "180+2"]
[Date "2023.06.13"]
[WhiteClock "0:01:21"]
[BlackClock "0:01:37"]
[Board "151"]

1. Nf3 c5 2. g3 Nc6 3. Bg2 e5 4. d3 d5 5. O-O Be7 6. e4 d4 7. Na3 h5 8. Nc4 f6 9. a4 g5 10. Ne1 h4 11. f4 hxg3 12. hxg3 gxf4 13. gxf4 exf4 14. Bxf4 Be6 15. Nf3 Qd7 16. c3 O-O-O 17. cxd4 Nxd4 18. a5 Nh6 19. Nxd4 Qxd4+ 20. Be3 Qxd3 21. Qxd3 Rxd3 22. Bxh6 Rxh6 23. Rac1 Rg6 24. Rf2 Rd4 25. Kf1 Bxc4+ 0-1


[Site "https://www.chess.com"]

[Event "Titled Tuesday Blitz June 13 Late 2023"]
[White "Petesch, Gabriel"]
[Black "Kaufman, Raymond"]
[WhiteFideId "2032465"]
[BlackFideId "2015056"]
[WhiteElo "2374"]
[BlackElo "2264"]
[Result "1-0"]
[Round "2"]
[TimeControl "180+2"]
[Date "2023.06.13"]
[WhiteClock "0:00:08"]
[BlackClock "0:00:02"]
[Board "152"]

1. Nf3 d5 2. g3 Nc6 3. Bg2 e5 4. d4 e4 5. Ne5 Bd6 6. c4 Nxe5 7. dxe5 Bxe5 8. cxd5 Nf6 9. Bxe4 Nxe4 10. Qa4+ Qd7 11. Qxe4 Qf5 12. Nc3 Qxe4 13. Nxe4 Bf5 14. Nc3 O-O-O 15. Bd2 Rhe8 16. Rd1 f6 17. f3 Bc2 18. Rc1 Bxc3 19. Rxc2 Bd4 20. e4 Rxd5 21. Ke2 f5 22. Bf4 c5 23. Be3 fxe4 24. Bxd4 Rxd4 25. Rxc5+ Kd7 26. Rhc1 exf3+ 27. Kxf3 Rd3+ 28. Kg4 Re4+ 29. Kh3 g6 30. Rc7+ Kd6 31. Rxb7 Re2 32. Rcc7 Rdd2 33. Rd7+ Kc6 34. Rxd2 Rxd2 35. Rxh7 a5 36. Rh6 Rxb2 37. Rxg6+ Kb5 38. Rg5+ Kb4 39. Rg4+ Ka3 40. Rf4 a4 41. g4 Rxa2 42. g5 Rc2 43. g6 Rc6 44. g7 Rg6 45. Rg4 Rxg4 46. Kxg4 Kb2 47. g8=Q a3 48. Qg7+ 1-0


[Site "https://www.chess.com"]